Map: Lightshade LE

Players

MaxPax

  • Race: Protoss Protoss

LiquidClem (Clem) - Winner!

  • Race: Terran Terran
  • League: Master

Event: DreamHack SC2 Masters 2021 Fall

VOD

Have the link to the VOD?

Description

Time

  • Played on: Sept. 8, 2021, 9:09 a.m.
  • Length: 8:55

All games in this series

Show
View Real Time Build Order
Export as new Build Order

MaxPax Protoss 

Build Orders:  

Get SALT Encoding   

  12  0:00  Probe  
  13  0:12  Probe  
  14  0:17  Pylon  
  14  0:24  Probe (Chrono Boost)  
  16  0:35  Gateway  
  16  0:36  Probe (Chrono Boost)  
  16  0:43  Probe (Chrono Boost)  
  16  0:45  Assimilator  
  17  0:50  Probe  
  18  1:03  Probe  
  19  1:15  Probe  
  20  1:25  Cybernetics Core  
  20  1:27  Probe  
  22  1:46  Nexus  
  21  1:56  Pylon  
  21  1:58  Stalker (Chrono Boost)  
  21  2:06  Warp Gate (Chrono Boost)  
  21  2:07  Assimilator  
  23  2:14  Probe  
  24  2:18  Adept (Chrono Boost)  
  26  2:26  Probe  
  27  2:30  Pylon  
  27  2:41  Probe  
  27  2:42  Adept  
  30  2:48  Gateway  
  30  2:57  Gateway  
  30  3:00  Probe  
  30  3:03  Probe  
  32  3:12  Probe  
  33  3:15  Probe  
  32  3:24  Probe  
  33  3:27  Probe  
  33  3:30  Shield Battery  
  34  3:36  Probe  
  34  3:39  Probe  
  36  3:43  Stalker  
  36  3:45  Stalker  
  36  3:48  Probe  
  41  3:52  Stalker  
  44  3:57  Probe  
  44  3:58  Twilight Council  
  44  4:06  Probe  
  43  4:15  Probe  
  43  4:16  Adept x3  
  48  4:18  Probe  
  49  4:27  Probe  
  49  4:30  Probe  
  49  4:37  Robotics Facility, Stalker x3  
  53  4:45  Probe x2  
  44  4:57  Blink (Chrono Boost), Probe x2  
  46  5:01  Assimilator  
  46  5:02  Assimilator  
  46  5:09  Probe  
  46  5:10  Probe  
  48  5:16  Stalker x2  
  53  5:26  Warp Prism (Chrono Boost)  
  54  5:31  Pylon  
  54  5:34  Pylon  
  54  5:43  Nexus  
  54  5:49  Probe x2  
  56  5:58  Observer  
  56  6:01  Stalker, Probe x2  
  56  6:02  Stalker  
  56  6:03  Stalker  
  65  6:11  Robotics Bay  
  65  6:13  Probe x2  
  64  6:25  Stalker  
  63  6:26  Probe x2  
  64  6:38  Probe  
  65  6:42  Probe  
  66  6:47  Forge  
  66  6:50  Probe  
  67  6:54  Probe  
  67  6:55  Colossus (Chrono Boost)  
  67  6:56  Probe  
  75  7:02  Charge (Chrono Boost), Probe  
  77  7:13  Stalker x3  
  82  7:19  Gateway  
  80  7:29  Shield Battery  
  77  7:39  Colossus (Chrono Boost)  
  77  7:43  Zealot  
  82  7:44  Zealot  
  82  7:46  Pylon  
  70  7:53  Zealot  
  70  7:54  Probe  
  70  7:58  Gateway  
  70  8:00  Gateway  
  70  8:07  Dark Shrine  
  68  8:19  Pylon  
  67  8:28  Pylon  
  67  8:32  Zealot  
  69  8:38  Zealot  
  69  8:39  Zealot x2  
Show
View Real Time Build Order
Export as new Build Order

LiquidClem Terran - Winner!

Build Orders:  

Get SALT Encoding   

  12  0:00  SCV  
  13  0:12  SCV  
  14  0:17  Supply Depot  
  14  0:24  SCV  
  15  0:29  Refinery  
  15  0:38  SCV  
  16  0:44  Barracks  
  16  0:50  SCV  
  17  1:02  Engineering Bay  
  17  1:04  SCV  
  18  1:16  SCV  
  18  1:33  Marine, Orbital Command  
  18  1:39  Factory  
  19  1:45  Supply Depot  
  19  1:51  Barracks Reactor  
  19  1:58  SCV  
  20  2:10  SCV  
  23  2:22  SCV, Widow Mine  
  23  2:27  Marine x2  
  26  2:30  Command Center  
  26  2:34  Supply Depot  
  26  2:39  SCV  
  27  2:45  Marine x2  
  31  2:54  SCV, Starport  
  32  2:58  Widow Mine  
  32  3:03  Marine x2  
  34  3:07  SCV  
  35  3:19  Refinery, SCV  
  35  3:21  Marine, Widow Mine  
  35  3:22  Marine  
  39  3:43  Marine x2, SCV, Medivac  
  39  3:45  Factory Tech Lab  
  39  3:46  Orbital Command  
  44  3:55  SCV, Supply Depot  
  45  4:01  Marine x2  
  45  4:07  SCV  
  45  4:09  Siege Tank  
  46  4:14  SCV  
  46  4:17  Starport Tech Lab  
  47  4:19  Marine, SCV  
  47  4:21  Marine  
  50  4:30  SCV  
  48  4:31  SCV  
  48  4:37  Marine, Viking  
  46  4:39  Marine  
  46  4:42  SCV  
  46  4:44  SCV  
  44  4:54  SCV  
  44  4:56  SCV, Siege Tank  
  44  4:57  Marine x2  
  47  5:04  Barracks  
  47  5:06  SCV  
  48  5:08  SCV  
  49  5:15  Marine, Barracks  
  49  5:18  SCV  
  49  5:20  Marine, SCV  
  53  5:26  Supply Depot  
  53  5:31  SCV, Siege Tank  
  53  5:33  Marine  
  53  5:34  Refinery  
  58  5:37  Engineering Bay  
  58  5:39  SCV  
  58  5:41  Marine  
  60  5:43  SCV  
  60  5:47  Starport Reactor  
  61  5:50  Marine  
  61  5:51  SCV  
  61  5:55  SCV  
  64  6:00  Stimpack  
  64  6:02  Missile Turret  
  64  6:03  Marine, SCV  
  66  6:05  Supply Depot  
  66  6:06  Marine  
  66  6:07  SCV  
  66  6:09  Marine  
  66  6:10  Factory Reactor  
  69  6:12  Combat Shield  
  69  6:15  SCV  
  69  6:23  Marine  
  70  6:27  Supply Depot, Marauder, Terran Infantry Weapons Level 1  
  70  6:28  Marine  
  70  6:30  Marauder  
  73  6:33  SCV  
  73  6:34  SCV  
  75  6:40  Supply Depot  
  75  6:43  Refinery  
  74  6:48  Medivac  
  74  6:49  Medivac  
  74  6:51  SCV x2  
  74  6:53  Marine  
  74  6:54  Marine  
  81  6:55  Widow Mine  
  81  6:59  Widow Mine  
  85  7:02  Marauder  
  85  7:05  Supply Depot  
  87  7:13  Supply Depot, SCV x2  
  87  7:15  Marauder  
  91  7:18  Widow Mine  
  93  7:23  Marine  
  93  7:26  Marine, Widow Mine, Marauder  
  93  7:29  Medivac  
  99  7:31  Medivac  
  99  7:34  Supply Depot  
  98  7:40  Concussive Shells  
  98  7:41  Supply Depot, Marauder  
  100  7:45  SCV x2  
  99  7:51  Marine x2  
  99  7:53  Widow Mine  
  99  7:54  Widow Mine  
  105  7:59  Marauder  
  105  8:03  Supply Depot  
  107  8:11  Marine x2  
  107  8:12  Medivac x2  
  113  8:14  Marauder  
  115  8:24  Marauder  
  117  8:33  Command Center  
  117  8:37  Marine x2  

Tags
 
Add a new tag
Caveats
  • Supply blocks, unpowered buildings, or Contaminate may cause inaccurate times.
  • Supply counts are checked every 10 seconds.